 Dungeon Crawl Stone Soup version 0.13-b1-32-g21a608e (webtiles) character file.

343 Lilouch the Covered (level 5, -2/42 HPs)
             Began as a Mummy Fighter on Oct 6, 2013.
             Slain by an iguana (6 damage)
             ... while paralysed by Grinder
             ... on Level 3 of the Dungeon.
             The game lasted 00:40:55 (19648 turns).

Lilouch the Covered (Mummy Fighter)                Turns: 19648, Time: 00:40:55

HP  -2/42        AC  8     Str 20      XL: 5   Next: 39%
MP   4/4         EV  2     Int  7      God:
Gold 155         SH  0     Dex 11      Spells:  0 memorised,  4 levels left

Res.Fire  : x . .   See Invis. : .   a - +0 hand axe {=f}
Res.Cold  : + . .   Warding    : .   b - +0 scale mail
Life Prot.: + + +   Conserve   : .   h - +0 large shield
Res.Poison: +       Res.Corr.  : .   (no helmet)
Res.Elec. : .       Clarity    : .   d - +0 cloak
Sust.Abil.: . .     Spirit.Shd : .   (no gloves)
Res.Mut.  : .       Stasis     : .   (no boots)
Res.Rott. : +       Flight     : .   (no amulet)
Saprovore : . . .                    (no ring)
                                     (no ring)

@: paralysed, slightly resistant to hostile enchantments, extremely unstealthy
A: no food or potions, fire vulnerability, restore body, cold resistance 1, life
protection 3, poison resistance, torment resistance, unbreathing
a: no special abilities


You were on level 3 of the Dungeon.
You were not hungry.

You visited 1 branch of the dungeon, and saw 4 of its levels.

You collected 135 gold pieces.

Inventory:

Hand weapons
 a - a +0,+0 hand axe (weapon) {=f}
Missiles
 i - 8 poisoned needles
 n - 42 stones (quivered)
 o - 47 darts
Armour
 b - a +0 scale mail (worn)
 d - a +0 cloak (worn)
 h - a +0 large shield (worn)
 B - a +1 pair of gauntlets
Comestibles
 k - an orange
 l - a snozzcumber
 q - 2 meat rations
 z - a choko
Scrolls
 e - a scroll of noise {unknown}
 j - 2 scrolls of remove curse {unknown}
 m - 4 scrolls of identify {unknown}
 p - a scroll of amnesia {unknown}
 v - 2 scrolls of curse jewellery {unknown}
 w - a scroll of random uselessness {unknown}
 x - a scroll of blinking {unknown}
 y - a scroll of curse weapon {unknown}
 A - a scroll of recharging {unknown}
Jewellery
 r - a +4 ring of protection {unknown}
 t - an uncursed ring of ice {unknown}
Potions
 c - 2 potions of heal wounds {unknown}
 f - 3 potions of curing {unknown}
 g - a potion of flight {unknown}
 s - a potion of mutation {unknown}
 u - a potion of poison {unknown}


   Skills:
 + Level 3.5 Fighting
 * Level 2.3 Axes
 + Level 3.8 Armour
 - Level 0.8 Dodging
 - Level 0.1 Stealth
 + Level 3.0 Shields


You had 4 spell levels left.
You didn't know any spells.

Dungeon Overview and Level Annotations

Branches:
Dungeon (4/27)
 Temple: D:4-7

Altars:

Annotations:
D:3 Grinder


Innate Abilities, Weirdness & Mutations

You do not eat or drink.
Your flesh is vulnerable to fire.
Your flesh is cold resistant.
You are immune to negative energy.
Your system is resistant to poisons.
You are immune to unholy pain and torment.
You can survive without breathing.


Message History

You climb downwards.
There is a stone staircase leading up here.
Unknown command.
Unknown command.
Unknown command.
You can't go down here!
Grinder says, "I used to sell toe-nails on the black market."
Grinder hits you.
* * * LOW HITPOINT WARNING * * *
The iguana bites you but does no damage.
You climb upwards.
There is a stone staircase leading down here.
Grinder gestures at you.
You suddenly lose the ability to move!
Grinder gestures.
Grinder blinks!
The iguana bites you!
* * * LOW HITPOINT WARNING * * *
The iguana bites you.
You die...

#### ##..# #...#
#...###### ##....#...
....... #...# #@#
#########l#
#..>......####
#.......5....#
#......>.....##
###########.<........#
.......#.........#..=####
..####.#.....###.#......#
..##...#..)....#.#.##...#


You could see Grinder and an iguana.

Vanquished Creatures
  An orc wizard (D:2)
  A worker ant (D:4)
  Terence (D:3)
  4 adders
  A worm (D:2)
  6 bats
  3 giant cockroaches
  15 hobgoblins
  12 kobolds
  An ooze (D:1)
  2 ball pythons
  3 giant geckos
  3 giant newts
  12 goblins
  15 rats
  7 fungi (D:1)
87 creatures vanquished.

Notes
Turn   | Place    | Note
--------------------------------------------------------------
     0 | D:1      | Lilouch, the Mummy Fighter, began the quest for the Orb.
     0 | D:1      | Reached XP level 1. HP: 18/18 MP: 0/0
    22 | D:1      | epsilon: в крауле есть такое явление, как OOD
    25 | D:1      | Lilouch: че это?)
    25 | D:1      | Lilouch: ты ща аде?
    25 | D:1      | Lilouch: алеее
    25 | D:1      | epsilon: Out of Deph
    25 | D:1      | epsilon: каждый ход есть шанс того, что появится тварь с этажа так 5 ниже
    25 | D:1      | Lilouch: а я понял что надо делатьЁ
    25 | D:1      | epsilon: Этот шанс увеличивается прямо пропорционально времени проведенному на этаже
    25 | D:1      | Lilouch: надо фармит ьне 1 этаж
    25 | D:1      | Lilouch: не один всмысле*
    25 | D:1      | Lilouch: а 1 и 2
    25 | D:1      | Lilouch: и если что-ясьбывать
    25 | D:1      | Lilouch: так?
    53 | D:1      | epsilon: на 10000 ходах, шан становится 100%
    53 | D:1      | epsilon: эта система учитывает всё время, так что не парься ))
   101 | D:1      | epsilon: имеет смысл фармить этаж, но ждать надо вблизи ступенек
   101 | D:1      | Lilouch: ТТ
   101 | D:1      | Lilouch: тоесть система думает
   101 | D:1      | Lilouch: что если я жду долго то я качаюсь
   101 | D:1      | epsilon: что бы если появится какая-нибудь поебень - свалить.
   101 | D:1      | Lilouch: ?
   101 | D:1      | epsilon: Она даже не думает - она знает.
   101 | D:1      | Lilouch: ))))
   223 | D:1      | epsilon: Изредка бывают ситуации, когда ты даже можешь завалить такого моба
   223 | D:1      | epsilon: например, если появится высокоуровневый, но очень медленный моб
   226 | D:1      | epsilon: я так циклопа мумией убивал на первом этаже
   226 | D:1      | Lilouch: через копью?
   226 | D:1      | Lilouch: копье*
   226 | D:1      | epsilon: нет, пращей
   226 | D:1      | epsilon: копья тогда ещё не били через клетку
   226 | D:1      | Lilouch: тоесть лук и стрелы и камни и пращю лучше подбирать
   226 | D:1      | Lilouch: ясн
   226 | D:1      | epsilon: если после убийства такого моба остаться на этаже, то респаун отключается вообще
   226 | D:1      | epsilon: не всё гавно
   226 | D:1      | epsilon: а что-то одно
   226 | D:1      | Lilouch: лол тоесть тчобы фармить на это этаже
   226 | D:1      | epsilon: и по опыту, если ты на этом не специализируешься - то оно нах не сдалось
   226 | D:1      | Lilouch: надо перезайти на него с др лестницы?:
   226 | D:1      | Lilouch: или не стоит?
   226 | D:1      | epsilon: нет, надо свалить и не возвращаться
   226 | D:1      | epsilon: скажем так, лимит того, что ты можешь выжать из этажа несколько ограничен
   562 | D:1      | epsilon: это сделано специально, т.к. как-то был случай, с мумией, апнувшей 27й уровень на 1м этаже
   562 | D:1      | Lilouch: wow
   562 | D:1      | epsilon: провёл на нем всего лишь несколько миллионов ходов.
   562 | D:1      | Lilouch: cool man)
   571 | D:1      | Reached XP level 2. HP: 24/24 MP: 1/1
   579 | D:1      | epsilon: кстати
   584 | D:1      | epsilon: прикола ради
   597 | D:1      | Lilouch: ?
   617 | D:1      | epsilon: можешь собирать еду и зелья, а потом взять богом Nemelex Xobeh
   617 | D:1      | epsilon: и пожертвовать ему их
   617 | D:1      | Lilouch: слух а че я не могу пить зелья?
   617 | D:1      | Lilouch: тока свитки мог брать
   617 | D:1      | epsilon: ты - мумия
   617 | D:1      | epsilon: вот и не можешь
   617 | D:1      | Lilouch: пле
   617 | D:1      | Lilouch: надо было за гуля начинать
   617 | D:1      | epsilon: получишь за это колоду карт, подёргай из неё - если повезёт, апнешь пяток уровней
   617 | D:1      | Lilouch: хатя по сути я всеравн оими не пользуюсь)
   617 | D:1      | Lilouch: кстате я ее уже получал
   617 | D:1      | Lilouch: за шуля
   617 | D:1      | Lilouch: но умер через пару мобов
   617 | D:1      | epsilon: колоды разные
   617 | D:1      | Lilouch: там серая какаято была
   626 | D:1      | epsilon: а Немелекс вообще свои фирменные дарит
   638 | D:1      | epsilon: в той, которая получается за расходники, есть карта опыта
   676 | D:1      | Lilouch: гг тоесть просто вытягиваеш карту иполучаеш алявный опыт?
   715 | D:1      | epsilon: угу
   721 | D:1      | epsilon: причем много
   722 | D:1      | Lilouch: нехило
   722 | D:1      | Lilouch: а карты там могу быть убийственные?
   722 | D:1      | epsilon: да
   722 | D:1      | Lilouch: ну там моб крутой или бум большой)
   740 | D:1      | epsilon: в этой колоде параллельно лежит самая поганая карта в игре - дикая магия
   754 | D:1      | epsilon: активирует рандомный эффект проваленного каста заклинания
   754 | D:1      | Lilouch: всмысле проваленного?
   754 | D:1      | epsilon: эффект варьируется от шума до локального пиздеца
   754 | D:1      | Lilouch: из того что ты провалил вообще в игре
   754 | D:1      | epsilon: ну у каждого закла есть шанс провала при касте
   754 | D:1      | epsilon: т.е. не получается у тебя его скастовать
   782 | D:1      | epsilon: обычно это чревато неприятными последствиями
   798 | D:1      | epsilon: которые зависят от силы закла
   817 | D:1      | epsilon: т.е. за ошибки в первоуровневых заклинаниях ничего с тобой не случится, то за хайлвл и сдохнуть можно
   817 | D:1      | Lilouch: банально-ты его себе под нос ебнул или оно тупо испарилось)
  2262 | D:1      | Reached XP level 3. HP: 30/30 MP: 2/2
  6403 | D:1      | epsilon: нахрена тебе всё это дерьсмо?
  6403 | D:1      | epsilon: да и плащь че не одел до сих пор?
  6412 | D:1      | Lilouch: я его переложил в 1 место
  6412 | D:1      | Lilouch: чтоб на полу посреди не мешалось
  6412 | D:1      | Lilouch: а то мобы могут
  6412 | D:1      | Lilouch: пройти и взять
  6412 | D:1      | Lilouch: !
  6412 | D:1      | epsilon: и шо?
  6412 | D:1      | epsilon: плащ одень
  6412 | D:1      | Lilouch: ща погодь раскладку преключу
  6412 | D:1      | epsilon: одиничку АЦ теряешь
  6412 | D:1      | Lilouch: у мя не работает ничего если я на рус пишу
  6412 | D:1      | epsilon: правильно
  6414 | D:1      | epsilon: видал как круто
  6939 | D:1      | epsilon: плэйт мейл найдешь вообще большим дядей будешь
  7252 | D:1      | Lilouch: слух а трупы...
  7252 | D:1      | Lilouch: можно с ними чтото делать у меня?
  7252 | D:1      | Lilouch: трупы скилеты
  7252 | D:1      | epsilon: разлагаются, чо
  7252 | D:1      | epsilon: был бы некромантом - можно было бы
  7252 | D:1      | epsilon: а так - нет
  7252 | D:1      | Lilouch: ясн\
  7252 | D:1      | Lilouch: а некроманты че с ними делают?
  7252 | D:1      | epsilon: можешь уверовать в Окавару и жертвовать ему
  7252 | D:1      | Lilouch: подымают и они толпой возле тя бегают?
  7252 | D:1      | epsilon: реанимируют, йопт
  7252 | D:1      | epsilon: да
  7252 | D:1      | Lilouch: и сколько можно рядом держать таких баранов?
  7252 | D:1      | epsilon: правда между этажами не шарятся
  7252 | D:1      | epsilon: да сколько влезет
  7252 | D:1      | Lilouch: уау
  7252 | D:1      | Lilouch: а за провал реанимации,
  7252 | D:1      | Lilouch: что получаеш?
  7252 | D:1      | Lilouch: этож магия да?
  8382 | D:1      | epsilon: ну, поднятие скелета - 1й лвл, оно безопасно
  8397 | D:1      | epsilon: анимейт дед - 4й
  8411 | D:1      | epsilon: но чистой некромантии, обыно довести его до минимума провала - не проблема
  8414 | D:1      | epsilon: если кастануть имея шанс в 40%, то можно словить немного урона, ну или начать гнить
  8414 | D:1      | Lilouch: даже если ты андед?
  8414 | D:1      | Lilouch: ну мумия
 10596 | D:1      | Noticed a slime creature
 10596 | D:1      | epsilon: андеды вполне таки гниют
 10596 | D:1      | epsilon: лол
 10596 | D:1      | epsilon: заза
 10596 | D:1      | epsilon: хаха
 10596 | D:1      | epsilon: драпай
 10596 | D:1      | Lilouch: пля)
 10596 | D:1      | epsilon: оно тебя не заметило
 10596 | D:1      | epsilon: если повезет - успеешь спуститься
 10615 | D:2      | epsilon: кстати, оно там 90% не одно, а в количестве пяти штук
 10619 | D:2      | Lilouch: (
 10619 | D:2      | Lilouch: тоесть мне туда уже заказан путь
 10619 | D:2      | Lilouch: кстате
 10619 | D:2      | Lilouch: а когда я смогу ег оубить?
 10619 | D:2      | epsilon: ну, можешь прокачаться и вернуться пот ом
 10619 | D:2      | Lilouch: оно ж там так и будет ползать да?
 10619 | D:2      | epsilon: когда лэйр сможешь чистить
 10619 | D:2      | epsilon: да
 10619 | D:2      | Lilouch: (
 10619 | D:2      | epsilon: уровне на 8м, думаю
 10619 | D:2      | Lilouch: тоесть оно ацкое чмо походу(
 10619 | D:2      | epsilon: не особоъ
 10619 | D:2      | Lilouch: а че оно делает? ядовитое?
 10619 | D:2      | epsilon: они представляют проблемы количеством
 10619 | D:2      | epsilon: не
 10635 | D:2      | epsilon: оно может сливаться с такими же тварями
 10636 | D:2      | epsilon: складывая статы
 10636 | D:2      | Lilouch: (
 10636 | D:2      | epsilon: максимум 5 штук
 10664 | D:2      | epsilon: для инфы, у неё макс дамаг 22 вроде
 10777 | D:2      | epsilon: да исследуй ты на O
 10777 | D:2      | Lilouch: а тут не будет зеленых?
 10777 | D:2      | epsilon: а то влетишь в кентавра какого-нибудь
 10777 | D:2      | epsilon: нет
 10777 | D:2      | Lilouch: тех же
 10777 | D:2      | Lilouch: ))
 10777 | D:2      | epsilon: только на том этаже
 10827 | D:2      | epsilon: и, поверь мне, автоэксплорер умнее тебя
 10884 | D:2      | epsilon: он остановится сразу как увидит кого-то, а не сделает ещё пяток ходов
 10898 | D:2      | Lilouch: )))
 11307 | D:3      | epsilon: чо, не будешь второй этаж фармить?
 11309 | D:3      | Lilouch: буду
 11309 | D:3      | Lilouch: мне над онайти сейв спот чтоб переходить если что
 11309 | D:3      | Lilouch: а там-визард
 11309 | D:3      | Lilouch: (
 11309 | D:3      | Lilouch: видел?
 11313 | D:3      | epsilon: угу
 11324 | D:3      | epsilon: главное, что не прист
 11324 | D:3      | Lilouch: тоесть я зря струханул?
 11324 | D:3      | Lilouch: мог убить?
 11324 | D:3      | epsilon: да не, не зря
 11324 | D:3      | Lilouch: ))
 11327 | D:3      | epsilon: для 3го лвла достаточно опасно
 11371 | D:3      | epsilon: у него самое поганое - невидимость
 11375 | D:3      | epsilon: но он её не всегда использует
 11414 | D:3      | Lilouch: вот сейв место!
 11414 | D:3      | Lilouch: ща ток еще чуть осмотрюсь
 11414 | D:3      | epsilon: покажи ка мне свои скилы
 11476 | D:2      | Lilouch: эти,
 11476 | D:2      | Lilouch: ?
 11476 | D:2      | epsilon: додж и стелс выруби нах
 11476 | D:2      | Lilouch: я их не включал!
 11476 | D:2      | Lilouch: ща
 11476 | D:2      | Lilouch: наверно забыл после гуля
 11476 | D:2      | Lilouch: переделать их\
 11542 | D:2      | epsilon: и было бы неплохо поставить приоретет на топоры
 12036 | D:2      | Reached XP level 4. HP: 36/36 MP: 3/3
 13405 | D:2      | Lilouch: как?
 13405 | D:2      | epsilon: кликни один раз их
 13405 | D:2      | epsilon: два выключение
 13421 | D:2      | epsilon: один раз - приоритет
 13424 | D:2      | Lilouch: а ок
 14132 | D:2      | Lilouch: слух а ты этот УГ чат тоже видиш?
 14132 | D:2      | Lilouch: всмысле Unknown command и прочее
 14132 | D:2      | epsilon: да
 14132 | D:2      | Lilouch: )))
 14132 | D:2      | Lilouch: аахха
 17801 | D:2      | epsilon: можешь рискнуть
 17801 | D:2      | epsilon: у тебя достаточно неплохое положение
 17801 | D:2      | Lilouch: сразу бежать в лоб на него?
 17801 | D:2      | Lilouch: или по углам сначала
 17801 | D:2      | epsilon: нет, по диагонали влево
 18115 | D:2      | epsilon: херней маешься, я гляжу
 18137 | D:2      | Lilouch: ))перестраховался
 18137 | D:2      | Lilouch: кстате у него что хп увеличиваются
 18137 | D:2      | epsilon: пздц
 18137 | D:2      | Lilouch: если я с уравня на уровень перешел
 18137 | D:2      | Lilouch: )))
 18138 | D:2      | epsilon: я не буду отвечать на тупые вопросы, на которые я уже отвечал
 18138 | D:2      | Lilouch: ))))
 18138 | D:2      | Lilouch: а можно я и дальше буду их задавать)
 18138 | D:2      | Lilouch: всмысле вопросы))
 19304 | D:2      | Noticed a wolf spider
 19304 | D:2      | epsilon: драпай
 19304 | D:2      | epsilon: эта тварь быстрая
 19306 | D:3      | epsilon: найдешь оружие ядовитое - можешь рискнуть
 19306 | D:3      | Lilouch: угу и икстримли сильная
 19306 | D:3      | Lilouch: а я убегу?
 19306 | D:3      | epsilon: нет
 19306 | D:3      | Lilouch: ну вот то то же
 19306 | D:3      | epsilon: только с помощью телепортации какой-нибудь
 19306 | D:3      | epsilon: но эта тварь уязвима к яду и получает от него кучу урона
 19306 | D:3      | Lilouch: 8 иголок есть)
 19306 | D:3      | Lilouch: думаю маловато
 19337 | D:3      | Noticed Terence
 19338 | D:3      | epsilon: трубка нужна
 19338 | D:3      | epsilon: не, это дофига
 19341 | D:3      | epsilon: только не факт, что сможешь ими попасть достаточно раз
 19353 | D:3      | Killed Terence
 19373 | D:3      | Reached XP level 5. HP: 37/42 MP: 4/4
 19392 | D:3      | Lilouch: маакс че за хня?
 19392 | D:3      | Lilouch: я бил вверх а умер орк
 19392 | D:3      | epsilon: какой орк?
 19392 | D:3      | Lilouch: я бил ОПЯТЬ вверх а умерла змея по диагонали
 19392 | D:3      | Lilouch: вон тот что кортик оставил
 19392 | D:3      | Lilouch: справа
 19401 | D:3      | epsilon: ctrl p нажми
 19406 | D:3      | Noticed Grinder
 19408 | D:3      | Paralysed by Grinder for 6 turns
 19415 | D:3      | epsilon: а я тебя, блеать, предупреждал
 19420 | D:4      | epsilon: завязывай бегать на стрелочки
 19420 | D:4      | epsilon: в крауле так делать нельзя
 19420 | D:4      | Lilouch: что на контрл П забиндино?
 19420 | D:4      | epsilon: если ходишь сам - следи за тем, что происходит
 19420 | D:4      | epsilon: можешь пролистать вверх
 19420 | D:4      | Lilouch: ну на когото напоролся
 19420 | D:4      | epsilon: листай, блеа
 19420 | D:4      | epsilon: стоп
 19420 | D:4      | epsilon: руки, короче
 19420 | D:4      | Lilouch: ?
 19420 | D:4      | epsilon: жал туда, вот и убил
 19420 | D:4      | epsilon: а то, что ты жал вверх - тебе приснилось
 19420 | D:4      | Lilouch: лана не буду с тобой спорить
 19420 | D:4      | Lilouch: а то какобычно юбудет
 19621 | D:3      | epsilon: а лол, забыл
 19621 | D:3      | epsilon: я же тебе говорил - топоры бьют всех кто рядом
 19621 | D:3      | epsilon: лол
 19621 | D:3      | epsilon: хана тебе
 19621 | D:3      | Lilouch: тож так думаю но побегать можно наверно
 19621 | D:3      | epsilon: не по леснице
 19621 | D:3      | epsilon: вверх беги
 19633 | D:3      | Paralysed by Grinder for 3 turns
 19636 | D:3      | epsilon: бай бай
 19640 | D:4      | epsilon: я говорил - слиди за окружением
 19640 | D:4      | epsilon: *следи
 19640 | D:4      | Lilouch: лол я просто забыл где этот гриндер
 19640 | D:4      | epsilon: угу
 19640 | D:4      | Lilouch: и просто подошел к нему на лестницу)
 19640 | D:4      | epsilon: а на экран смотреть религия запрещает?
 19642 | D:3      | epsilon: бляя
 19645 | D:3      | Paralysed by Grinder for 5 turns
 19648 | D:3      | Slain by an iguana

Action                   |  1- 3 |  4- 6 || total
-------------------------+-------+-------++-------
Melee: Hand axe          |   268 |   171 ||   439
